 Dungeon Sprint DCSS version 0.26-a0-651-gb41185065b (webtiles) character file.

Game seed: 17782059412494257793

3712 sahdkjhfkaj the Thaumaturge (level 10, -9/69 HPs)
             Began as an Octopode Conjurer on Oct 1, 2020.
             Was a Priest of Sif Muna.
             Splashed by an oklob plant's acid (16 damage)
             ... in the Dungeon (Sprint I: "Red Sonja").
             The game lasted 00:04:55 (1533 turns).

sahdkjhfkaj the Thaumaturge (Octopode Conjurer)     Turns: 1533, Time: 00:04:57

Health: -9/69      AC: -7    Str:  6    XL:     10   Next: 14%
Magic:  22/25      EV: 16    Int: 24    God:    Sif Muna [***...]
Gold:   793        SH:  0    Dex: 11    Spells: 20/31 levels left

rFire    . . .     SeeInvis .   (no weapon)
rCold    . . .     Faith    .   (no shield)
rNeg     . . .     Spirit   .   (helmet restricted)
rPois    .         Reflect  .   (no amulet)
rElec    .         Harm     .   (no ring)
rCorr    .         Rampage  .   (no ring)
MR       .....     NoTele   +   (no ring)
Stlth    +++.......             (no ring)
HPRegen  0.21/turn              (no ring)
MPRegen  0.19/turn              (no ring)
                                (no ring)
                                (no ring)

@: corroded
A: almost no armour, stealthy swim, amphibious, 8 rings, constrict 8, camouflage
1, gelatinous body 1
a: Channel Magic, Forget Spell, Renounce Religion


You were in the Dungeon.
You worshipped Sif Muna.
Sif Muna was most pleased with you.
You visited 1 branch You collected 993 gold pieces.
You spent 200 gold pieces at shops.

Inventory:

Jewellery
 f - an uncursed amulet of reflection {unknown}
Wands
 a - a wand of random effects (19)
Scrolls
 c - a scroll of enchant armour {unknown}
 g - 2 scrolls of blinking
Potions
 b - 2 potions of curing
 d - a potion of haste
 e - 2 potions of magic
 j - a potion of ambrosia {unknown}
Miscellaneous
 h - a condenser vane (1/2)


   Skills:
 + Level 6.9 Fighting
 + Level 7.3 Dodging
 - Level 2.6 Stealth
 + Level 11.1 Spellcasting
 - Level 10.6 Conjurations
 + Level 10.2 Hexes
 + Level 10.1 Translocations


You had 20 spell levels left.
You knew the following spells:

 Your Spells              Type           Power        Failure   Level
a - Magic Dart            Conj           ####         1%          1
b - Searing Ray           Conj           ######       1%          2
c - Fulminant Prism       Conj/Hex       ######....   1%          4
d - Iskenderun's Mystic   Conj/Tloc      ######..     1%          4

Your spell library contained the following spells:

 Spells                   Type           Power        Failure   Level
 Dazzling Flash           Conj/Hex       ######       1%          3


Dungeon Overview and Level Annotations

Branches:
Dungeon (1/1)

Altars:
Cheibriados
Dithmenos
Elyvilon
Fedhas
Gozag
Hepliaklqana
Kikubaaqudgha
Makhleb
Nemelex Xobeh
Okawaru
Qazlal
Ru
Sif Muna
Trog
Uskayaw
Vehumet
Wu Jian
Xom
Yredelemnul
Zin
The Shining One
Jiyva
Lugonu

Shops:
D (}[

Annotations:
D exclusion: oklob plant


Innate Abilities, Weirdness & Mutations

You cannot wear most types of armour.
You are very stealthy in the water. (Stealth+)
You are amphibious.
You can wear up to eight rings at the same time.
You can use your tentacles to constrict eight enemies at once.
Your skin changes colour to match your surroundings (Stealth+).
Your rubbery body absorbs attacks. (AC +1, EV +1)


Message History

The blast of energy engulfs you!
Casting: Fulminant Prism (dangerous; 1% risk of failure)
Confirm with . or Enter, or press ? or * to list all spells.
You don't know that spell.
The oklob plant spits acid at you. The splash of acid hits you!!
* * * LOW HITPOINT WARNING * * *
The acid corrodes you!
You are splashed with acid!
* * * LOW HITPOINT WARNING * * *
There is an open door here.
An oklob plant is nearby!
Unknown command.
Unknown command.
You feel better.
A redback comes into view.
The oklob plant spits acid at you. The splash of acid hits you!
* * * LOW HITPOINT WARNING * * *
You are splashed with acid!
You die...

###################**************
..#..'.(#__#..)...#,,*,,,,+,,,,,,
..').#.('^.'..#...#*+*,****,,,,,*
#'#####'#__####)..+,,*,*,***,,,**
..#...#.####.§#####,,+,*+*,***+*,
###..##)#§≈§§§#..#*+****^,,*,*,**
__##'#_§§≈§§§§§§.#,,^,,*,,,***,,*
...'..._#§§§§.#..#,,,,,+,,,,,**,*
__##_.#'##§#####@#**,,^*^,,,,*,,*
__###'#.#....###P'$#,^,***++**,**
#####.####'###)###§#^^***,,***,,*
...'...'.....'.∩#*s#,,****,,***,,
####.).##########*§#*+*,,*,,*,***
,*###.###,,,,,,,**,**,*,,,,,,,,,*
,,#.#'#.#,,,,,,,,+,****,,,,,,,,,*
,,#.....#+++******,*,,+,,,,,,****
,,#.....#,,,,,,,,*,*****,,,***,,,


You could see an oklob plant and a redback.

Vanquished Creatures
  2 centaur warriors (D)
  Sonja (D)
  A deep troll (D)
  2 kobold demonologists (D)
  A slime creature (D)
  A hornet (D)
  Sigmund (D)
  A yak (D)
  A floating eye (D)
  An ogre (D)
  A jelly (D)
  Ijyb (D)
14 creatures vanquished.

Vanquished Creatures (others)
  2 ballistomycete spores (D)
  10 fulminant prisms (D)
12 creatures vanquished.

Grand Total: 26 creatures vanquished

Notes
Turn   | Place    | Note
-------+----------+-------------------------------------------
     0 | D        | sahdkjhfkaj the Octopode Conjurer began the quest for the
                  | Orb.
     0 | D        | Reached XP level 1. HP: 11/11 MP: 3/3
     1 | D        | Noticed Ijyb
    19 | D        | Killed Ijyb
    19 | D        | Reached skill level 4 in Spellcasting
    19 | D        | Reached skill level 5 in Conjurations
    19 | D        | Reached XP level 2. HP: 7/17 MP: 1/7
    19 | D        | Reached XP level 3. HP: 9/21 MP: 1/8
   227 | D        | Learned a level 2 spell: Searing Ray
   231 | D        | Noticed an ogre
   234 | D        | Killed an ogre
   234 | D        | Reached skill level 6 in Spellcasting
   234 | D        | Reached XP level 4. HP: 27/27 MP: 6/12
   372 | D        | Learned a level 4 spell: Fulminant Prism
   377 | D        | Learned a level 4 spell: Iskenderun's Mystic Blast
   377 | D        | Noticed Sigmund
   382 | D        | Killed Sigmund
   382 | D        | Reached skill level 7 in Spellcasting
   382 | D        | Reached XP level 5. HP: 25/31 MP: 5/14
   382 | D        | Reached XP level 6. HP: 29/36 MP: 5/16
   466 | D        | Found an ornate altar of the Wu Jian Council.
   466 | D        | Found a shimmering blue altar of Sif Muna.
   494 | D        | Found a radiant altar of Vehumet.
   514 | D        | Found Caje's Gadget Emporium.
   514 | D        | Found an ancient bone altar of Kikubaaqudgha.
   514 | D        | Found a hazy altar of Hepliaklqana.
   514 | D        | Found a stormy altar of Qazlal.
   514 | D        | Found a hide-covered altar of Uskayaw.
   514 | D        | Found a blossoming altar of Fedhas.
   514 | D        | Found a bloodstained altar of Trog.
   514 | D        | Found an iron altar of Okawaru.
   514 | D        | Found a basalt altar of Yredelemnul.
   514 | D        | Found a glowing golden altar of the Shining One.
   514 | D        | Found a snail-covered altar of Cheibriados.
   514 | D        | Found a sacrificial altar of Ru.
   514 | D        | Found a glowing silver altar of Zin.
   514 | D        | Found a shadowy altar of Dithmenos.
   514 | D        | Found a white marble altar of Elyvilon.
   514 | D        | Noticed a yak
   520 | D        | Became a worshipper of Sif Muna the Loreminder
   533 | D        | Killed a yak
   533 | D        | Reached skill level 8 in Spellcasting
   533 | D        | Reached skill level 5 in Hexes
   533 | D        | Reached skill level 5 in Translocations
   593 | D        | Found an opulent altar of Gozag.
   594 | D        | Found a sparkling altar of Nemelex Xobeh.
   598 | D        | Bought a condenser vane (2/2) for 200 gold pieces
   605 | D        | Noticed Sonja
   608 | D        | Killed Sonja
   608 | D        | Reached skill level 9 in Spellcasting
   608 | D        | Reached skill level 10 in Conjurations
   608 | D        | Reached XP level 7. HP: 41/41 MP: 13/19
   608 | D        | Reached XP level 8. HP: 46/46 MP: 14/21
   666 | D        | Found Keoborai's Antique Weapon Boutique.
   776 | D        | Noticed a deep troll
   784 | D        | Killed a deep troll
   784 | D        | Reached * piety under Sif Muna
   992 | D        | Found Qebloc's Armour Emporium.
  1028 | D        | Found a burning altar of Makhleb.
  1028 | D        | Found a viscous altar of Jiyva.
  1028 | D        | Found a shimmering altar of Xom.
  1028 | D        | Found a corrupted altar of Lugonu.
  1028 | D        | Noticed a slime creature
  1032 | D        | Killed a slime creature
  1032 | D        | Reached skill level 10 in Spellcasting
  1032 | D        | Reached XP level 9. HP: 58/58 MP: 14/23
  1099 | D        | Noticed a kobold demonologist
  1102 | D        | Killed a kobold demonologist
  1102 | D        | Reached ** piety under Sif Muna
  1102 | D        | Reached skill level 5 in Dodging
  1107 | D        | Killed a kobold demonologist
  1107 | D        | Reached skill level 5 in Fighting
  1188 | D        | Noticed a centaur warrior
  1192 | D        | Killed a centaur warrior
  1288 | D        | Noticed a centaur warrior
  1295 | D        | Killed a centaur warrior
  1295 | D        | Reached skill level 11 in Spellcasting
  1295 | D        | Reached skill level 10 in Hexes
  1295 | D        | Reached skill level 10 in Translocations
  1295 | D        | Reached XP level 10. HP: 20/69 MP: 12/25
  1299 | D        | Reached *** piety under Sif Muna
  1510 | D        | Noticed an oklob plant
  1533 | D        | Splashed by an oklob plant's acid

Illustrated notes

Levels and vault maps discovered:
D:        dungeon_sprint_1 [red_sonja_temple_1, red_sonja_temple_small_1]

Skill      XL: |  1  2  3  4  5  6  7  8  9 |
---------------+----------------------------+-----
Spellcasting   | 4 6 7 9 10 11 | 11.1
Conjurations   | 5 7 8 10 | 10.6
Hexes          | 4 7 8 10 | 10.2
Translocations | 4 7 8 10 | 10.1
Fighting       | 3 6 |  6.9
Dodging        | 4 7 |  7.3
Stealth        | |  2.6

Action                   |  1- 3 |  4- 6 |  7- 9 | 10-12 || total
-------------------------+-------+-------+-------+-------++-------
Melee: Unarmed           |    15 |       |     1 |       ||    16
       Tentacles         |     2 |       |       |       ||     2
       Constrict         |     1 |       |       |       ||     1
 Cast: Magic Dart        |     2 |       |     1 |       ||     3
       Searing Ray       |     1 |     3 |     7 |     1 ||    12
       Fulminant Prism   |       |     3 |     6 |     1 ||    10
       Iskenderun's Myst |       |       |     1 |       ||     1
Evoke: Condenser vane    |       |       |       |     1 ||     1
  Use: Potion            |     1 |       |     2 |     2 ||     5
       Scroll            |       |       |     1 |       ||     1
Armor: Skin              |     1 |     1 |       |       ||     2
Dodge: Dodged            |     3 |       |    10 |     3 ||    16

Table legend: (Time is in decaauts)
 A = Elapsed time spent in this place.
 B = Non-inter-level travel time spent in this place.
 C = Inter-level travel time spent in this place.
 D = Time resting spent in this place.
 E = Time spent auto-exploring this place.
 F = Levels seen in this place.
 G = Mean time per level.
                   A        B        C        D        E       F      G
               +--------+--------+--------+--------+--------+-----+--------+
         Total |   1536 |   1536 |      0 |   1181 |      0 |   1 | 1536.0 |
       Dungeon |   1536 |   1536 |      0 |   1181 |      0 |   1 | 1536.0 |
               +--------+--------+--------+--------+--------+-----+--------+

Top non-repeatable levels by time:
       D: 1536 daAuts
